 Dungeon Crawl Stone Soup version 0.31-a0-1029-ge8c24b2130 (webtiles) character file.

Game seed: 18260168947869694193

130 Anon1729 the Trooper (level 4, -4/41 HPs)
             Began as a Minotaur Monk on Nov 18, 2023.
             Was a Priest of Okawaru.
             Killed from afar by Ijyb (19 damage)
             ... with a bolt of acid
             ... on level 3 of the Dungeon.
             The game lasted 00:01:08 (1606 turns).

Anon1729 the Trooper (Minotaur Monk)                Turns: 1606, Time: 00:01:09

Health: -4/41      AC:  3    Str: 18    XL:     4   Next: 89%
Magic:  2/4        EV: 15    Int:  7    God:    Okawaru [***...]
Gold:   135        SH:  0    Dex: 12    Spells: 3/3 levels left

rFire   . . .        a - +0 hand axe
rCold   . . .        d - orb {light}
rNeg    . . .        b - +0 robe
rPois   .            (helmet restricted)
rElec   .            l - +0 cloak
rCorr   .            (no gloves)
SInv    .            (no boots)
Will    .....        (no amulet)
Stlth   +            (no ring)
HPRegen 0.26/turn    (no ring)
MPRegen 0.09/turn

%: no passive effects
@: heroic, glowing
A: horns 2, retaliatory headbutt
a: Renounce Religion, Heroism


You were on level 3 of the Dungeon.
You worshipped Okawaru.
Okawaru was most pleased with you.
You visited 1 branch of the dungeon, and saw 3 of its levels.

You collected 135 gold pieces.

Inventory:

Hand Weapons
 a - a +0 hand axe (weapon)
Armour
 b - a +0 robe (worn)
 d - an orb of light (worn)
 l - a +0 cloak (worn)
 m - a scarf of shadows
Scrolls
 e - a scroll of identify {unknown}
 g - a scroll of noise {unknown}
 h - a scroll of enchant weapon {unknown}
 i - a scroll of poison {unknown}
 k - a scroll of fear {unknown}
Potions
 c - a potion of ambrosia
 f - a potion of haste {unknown}
 j - a potion of resistance {unknown}


   Skills:
 + Level 4.5(9.5) Fighting
 + Level 4.4(9.4) Axes
 + Level 1.3(6.3) Armour
 + Level 4.0(9.0) Dodging
 * Level 2.1 Invocations


You had 3 spell levels left.
You didn't know any spells.
Your spell library contained the following spells:

 Spells                   Type           Power      Damage    Failure   Level
 Sublimation of Blood     Necr           0%         N/A       56%         2
 Wereblood                Tmut           0%         N/A       56%         2
 Alistair's Intoxication  Tmut/Pois      0%         N/A       100%        5
 Borgnjor's Vile Clutch   Necr/Erth      0%         N/A       100%        5
 Eringya's Noxious Bog    Tmut/Pois      0%         4d6       100%        6
 Summon Hydra             Summ           Unusable   N/A       N/A         7

Dungeon Overview and Level Annotations

Branches:
Dungeon (3/15)

Altars:
Okawaru

Shops:
D:2 =

Annotations:
D:3 Ijyb


Innate Abilities, Weirdness & Mutations

You have a pair of horns on your head.
You reflexively headbutt those who attack you in melee.


Message History

You slash the gnoll!
The gnoll is heavily wounded.
The gnoll closely misses you.
You hit the gnoll but do no damage.
The gnoll is heavily wounded.
The gnoll closely misses you.
You hit the gnoll.
The gnoll is almost dead.
The gnoll closely misses you.
You hit the gnoll but do no damage.
You headbutt the gnoll, but do no damage.
The gnoll is almost dead.
The gnoll barely misses you. The gnoll hits you with a +0 spear!
You hit the gnoll.
You kill the gnoll!
Okawaru accepts your kill.
Key pressed, stopping explore.
Key pressed, stopping explore.
HP restored.
You now have 135 gold pieces (gained 12).
You see here a +0 spear.
Key pressed, stopping explore.
Key pressed, stopping explore.
Ijyb the Twisted Goblin comes into view.
She is wielding a +0 club and carrying a wand of acid.
Ijyb shouts!
Ijyb moves out of view.
Key pressed, stopping explore.
Ijyb zaps a wand.
The bolt of acid hits you!
Ijyb zaps a wand.
The bolt of acid hits you!
You hit Ijyb but do no damage. Ijyb hits you with a +0 club.
You are too injured to fight recklessly!
You are too injured to fight recklessly!
You are too injured to fight recklessly!
You are too injured to fight recklessly!
You are too injured to fight recklessly!
You hit Ijyb but do no damage. You headbutt Ijyb, but do no damage.
Ijyb hits you with a +0 club.
You gain the combat prowess of a mighty hero.
Ijyb zaps a wand.
The bolt of acid hits you!!
You die...

#.#.#.# #...#.
##..... # .....
.# .... ###.##
#..# .#.#.#
#.g# .....
#.@####..#
#........#
#........####
#####.......#
#.#..####
#.#..##.#
.######.##.##.#
...........##.#
#######.##.##.#


You could see Ijyb.

Vanquished Creatures
  Robin (D:3)
  4 gnolls
  3 adders (D:2)
  A dart slug (D:1)
  3 ball pythons
  5 endoplasms
  A giant cockroach (D:2)
  5 hobgoblins
  3 jackals (D:2)
  2 quokkas
  3 bats (D:1)
  2 frilled lizards
  11 goblins
  4 kobolds
  2 rats
50 creatures vanquished.

Notes
Turn   | Place    | Note
-------+----------+-------------------------------------------
     0 | D:1      | Anon1729 the Minotaur Monk began the quest for the Orb.
     0 | D:1      | Reached XP level 1. HP: 19/19 MP: 0/0
   303 | D:1      | Reached XP level 2. HP: 27/27 MP: 1/1
   465 | D:1      | Found a faded altar of an unknown god.
   624 | D:1      | Prayed at the altar of an unknown god.
   624 | D:1      | Became a worshipper of Warmaster Okawaru
   624 | D:1      | Reached * piety under Okawaru
   624 | D:1      | Reached ** piety under Okawaru
   702 | D:2      | Found Razachadi's Jewellery Shop.
   751 | D:2      | Reached XP level 3. HP: 28/33 MP: 2/2
   784 | D:2      | Reached skill level 1 in Invocations
  1010 | D:2      | Reached *** piety under Okawaru
  1257 | D:3      | Reached XP level 4. HP: 41/41 MP: 4/4
  1261 | D:3      | Noticed Robin
  1266 | D:3      | Killed Robin
  1276 | D:3      | Reached skill level 1 in Armour
  1599 | D:3      | Noticed Ijyb
  1606 | D:3      | Killed from afar by Ijyb

Illustrated notes

Levels and vault maps discovered:
D:1:      tarquinn_simple_flora_water_e, layout_loops_ring,
          shapermc_ecumenical_altar_flowoftime, minmay_small_reverse_x
D:2:      layout_basic, serial_shops, nicolae_shop_competitors_out_of_business,
          minmay_strange_pillars, minmay_tetromino_s4
D:3:      kennysheep_big_flooded_room, layout_loops_ring,
          mainiacjoe_overflow_six_doors_small, serial_shops,
          nicolae_shop_pleasant_corner_grove, fountainhead, uniq_jessica,
          uniq_terence, uniq_robin, uniq_ijyb

Skill      XL: |  1  2  3  4 |
---------------+-------------+-----
Fighting       | 4 |  4.5
Axes           | 4 |  4.4
Invocations    | 1 2 |  2.1
Armour         | 1 |  1.3
Dodging        | 4 |  4.0

Action                     |  1- 3 |  4- 6 || total
---------------------------+-------+-------++-------
  Melee: Hand axe          |    60 |    34 ||    94
         Headbutt          |    10 |     6 ||    16
 Invoke: Heroism           |       |     1 ||     1
 Armour: Robe              |    25 |    20 ||    45
  Dodge: Dodged            |    34 |    26 ||    60

Table legend: (Time is in decaauts)
 A = Elapsed time spent in this place.
 B = Non-inter-level travel time spent in this place.
 C = Inter-level travel time spent in this place.
 D = Time resting spent in this place.
 E = Time spent auto-exploring this place.
 F = Levels seen in this place.
 G = Mean time per level.
                   A        B        C        D        E       F      G
               +--------+--------+--------+--------+--------+-----+--------+
         Total |   1615 |   1511 |    104 |    100 |   1179 |   3 |  538.3 |
       Dungeon |   1615 |   1511 |    104 |    100 |   1179 |   3 |  538.3 |
               +--------+--------+--------+--------+--------+-----+--------+

Top non-repeatable levels by time:
     D:2: 709 daAuts
     D:1: 653 daAuts
     D:3: 252 daAuts
